 Dungeon Crawl Stone Soup version 0.16.2-3-ga078185 (webtiles) character file.

8400 dearth the Basher (level 11, -2/97 HPs)
             Began as a Minotaur Fighter on Sept 8, 2015.
             Was a High Priest of Okawaru.
             Slain by Urug
             ... wielding a +0 great mace
              (21 damage)
             ... on level 9 of the Dungeon.
             The game lasted 00:22:03 (8717 turns).

dearth the Basher (Minotaur Fighter)                Turns: 8717, Time: 00:22:03

Health: -2/97      AC: 10    Str: 32    XL:     11   Next: 9%
Magic:  10/10      EV:  9    Int:  7    God:    Okawaru [*****.]
Gold:   430        SH: 13    Dex:  5    Spells: 0 memorised, 10 levels left

rFire  + . .     SeeInvis +     y - +3 flail (freeze)
rCold  . . .     Clarity  .     b - +0 scale mail
rNeg   . . .     SustAb   .     c - +1 shield
rPois  +         Gourm    .     v - +2 hat
rElec  +         Spirit   .     (no cloak)
rCorr  .         Warding  .     (no gloves)
rMut   .         Stasis   .     (no boots)
MR     .....                    (no amulet)
Stlth  ..........               m - ring of Starshine {rElec rF+ Str+7 Int+2 Dex-4 SInv}
                                C - ring of poison resistance

@: not resistant to hostile enchantments, extremely unstealthy
A: retaliatory headbutt, horns 2
a: Heroism, Finesse, Renounce Religion


You were on level 9 of the Dungeon.
You worshipped Okawaru.
Okawaru was extremely pleased with you.
You were not hungry.

You visited 2 branches of the dungeon, and saw 11 of its levels.

You collected 574 gold pieces.
You spent 144 gold pieces at shops.

Inventory:

Hand weapons
 y - a +3 flail of freezing (weapon)
Armour
 b - a +0 scale mail (worn)
 c - a +1 shield (worn)
 v - a +2 hat (worn)
Jewellery
 e - a +2 ring of strength
 g - an uncursed ring of see invisible
 i - a cursed amulet of warding {unknown}
 m - the ring of Starshine (right hand) {rElec rF+ Str+7 Int+2 Dex-4 SInv}
   (You found it on level 8 of the Dungeon)

   [ring of protection from fire]

   It affects your strength (+7).
   It affects your intelligence (+2).
   It affects your dexterity (-4).
   It protects you from fire.
   It insulates you from electricity.
   It enhances your eyesight.
 q - a +2 ring of slaying
 u - an uncursed ring of fire {unknown}
 C - a ring of poison resistance (left hand)
Magical devices
 l - a wand of disintegration (11)
 r - a wand of hasting (5)
 s - a wand of digging (11)
Scrolls
 f - 4 scrolls of teleportation
 j - 4 scrolls of remove curse
 n - a scroll of enchant weapon
 o - 8 scrolls of identify
 p - a scroll of silence {unknown}
 w - a scroll of fear
 x - 4 scrolls of magic mapping
 A - a scroll of fog
Potions
 a - 3 potions of haste
 k - 4 potions of curing
 t - 2 potions of might
Books
 h - a book of Summonings

   Spells                             Type                      Level
   a - Abjuration                     Summoning                    3
   b - Recall                         Summoning/Translocation      3
   c - Shadow Creatures               Summoning                    5
   d - Summon Demon                   Summoning                    5
   e - Summon Forest                  Summoning/Translocation      5
   f - Monstrous Menagerie            Summoning                    6
Comestibles
 d - 9 bread rations
 z - 6 beef jerkies


   Skills:
 + Level 9.4 Fighting
 * Level 12.8 Maces & Flails
 + Level 9.7 Armour
 + Level 9.2 Shields
 + Level 3.1 Invocations
 - Level 3.0 Evocations


You had 10 spell levels left.
You didn't know any spells.

Dungeon Overview and Level Annotations

Branches:
Dungeon (10/15)            Temple (1/1) D:6            Lair (0/8) D:9
    Orc: D:9-12

Altars:
Ashenzari
Cheibriados
Dithmenos
Elyvilon
Fedhas
Gozag
Kikubaaqudgha
Makhleb
Nemelex Xobeh
Okawaru
Qazlal
Ru
Sif Muna
Trog
Vehumet
Xom
Yredelemnul
Zin
The Shining One

Shops:
D:4 :   D:5 *

Annotations:
D:9 Urug


Innate Abilities, Weirdness & Mutations

You reflexively headbutt those who attack you in melee.
You have a pair of horns on your head.


Message History

Unknown command.
You completely miss Urug.
Urug is severely wounded.
You block the shadow imp's attack. Urug barely misses you.
You hit Urug but do no damage. You headbutt Urug.
Urug is almost dead.
The shadow imp barely misses you.
You hit Urug. You freeze Urug. You headbutt Urug, but do no damage.
Urug is almost dead.
You block Urug's attack.
Unknown command.
You closely miss Urug. You headbutt Urug, but do no damage.
Urug is almost dead.
The shadow imp throws its arms wide.
The dead are walking and hopping! 2 zombies come into view.
You closely miss Urug.
Urug is almost dead.
Urug hits you with a great mace!!
You die...

#.# #.#.........# ####.#
#.#....####.# #....#
#......# #.# ### #.####
###.#..####.# #.. #.#
#.#.....#.# #.# #†#
#.##Z##.#.# #.# #.#
#.##.##.#.# #.# #)#
#.##Z##.#.# #.# #)#
#####.##@##.#.# ######.# #)#
#......5o##.#.# #....... #.#
#.###.#..##.#.# #.####.#
#.#######.###.#).##.#.####.#
#.#
#....................<..##.#
#.#
#########.###.#.#.#.###.##)#
#.# #.##..#.##..###.##)# #.#
#.#.#..........))..####.#
#.##.##.##.####..........


You could see Urug, a shadow imp, a giant frog zombie and a cyclops zombie.

Vanquished Creatures
  Gastronok (D:8)
  Erolcha (D:9)
  Pikel (D:4)
  The ghost of sverre the Cleaver, an experienced MiFi of Okawaru (D:7)
  A hill giant (D:5)
  A cyclops (D:9)
  2 trolls (D:9)
  Grinder (D:5)
  Prince Ribbit (D:5)
  A hungry ghost (D:9)
  A wyvern (D:8)
  A hippogriff (D:7)
  Edmund (D:5)
  A water moccasin (D:8)
  3 orc warriors
  An ice beast (D:5)
  3 centaurs
  A big kobold (D:8)
  Duvessa (D:8)
  5 ogres
  3 giant frogs
  A wyvern zombie (D:9)
  A gnoll sergeant (D:9)
  3 scorpions
  3 killer bees (D:9)
  Dowan (D:8)
  A crimson imp (D:8)
  A goliath beetle (D:6)
  A centaur skeleton (D:9)
  2 giant frog zombies
  2 jellies
  9 orc priests
  7 hounds
  2 giant frog skeletons
  2 iguanas
  7 orc wizards
  Natasha (thrice) (D:5)
  6 worker ants
  2 hound zombies (D:5)
  2 worker ant zombies (D:5)
  13 gnolls
  2 shadow imps
  15 adders
  2 worms (D:2)
  2 giant mites
  An adder skeleton (D:7)
  An ooze (D:3)
  46 orcs
  2 bat skeletons
  3 giant cockroaches
  15 hobgoblins
  4 jackals
  5 quokkas
  2 ball pythons
  12 bats
  4 giant geckos
  5 giant newts
  13 goblins
  22 kobolds
  A quokka skeleton (D:5)
  8 rats
266 creatures vanquished.

Vanquished Creatures (others)
  A slave (D:4)
  A hound zombie (D:4)
  A giant cockroach (D:4)
  A rat (D:4)
4 creatures vanquished.

Grand Total: 270 creatures vanquished

Notes
Turn   | Place    | Note
--------------------------------------------------------------
     0 | D:1      | dearth, the Minotaur Fighter, began the quest for the Orb.
     0 | D:1      | Reached XP level 1. HP: 19/19 MP: 1/1
   316 | D:1      | Reached XP level 2. HP: 27/27 MP: 1/1
   682 | D:2      | Reached skill level 4 in Shields
   682 | D:2      | Reached XP level 3. HP: 28/33 MP: 2/2
   734 | D:2      | Reached XP level 4. HP: 29/40 MP: 2/2
  1529 | D:2      | Reached XP level 5. HP: 43/47 MP: 2/2
  1695 | D:3      | HP: 2/47 [orc wizard/puff of flame (5)]
  2012 | D:3      | Reached skill level 5 in Fighting
  2381 | D:4      | Reached skill level 5 in Maces & Flails
  2382 | D:4      | Reached XP level 6. HP: 56/56 MP: 3/3
  2417 | D:4      | Reached skill level 5 in Armour
  2418 | D:4      | Noticed an ogre
  2426 | D:4      | Killed an ogre
  2439 | D:4      | Noticed an ogre
  2445 | D:4      | Noticed Pikel
  2448 | D:4      | Killed an ogre
  2448 | D:4      | Reached skill level 6 in Maces & Flails
  2448 | D:4      | Reached skill level 5 in Shields
  2453 | D:4      | Noticed a slave
  2459 | D:4      | Killed Pikel
  2459 | D:4      | Reached skill level 7 in Maces & Flails
  2459 | D:4      | Reached XP level 7. HP: 44/63 MP: 3/3
  2476 | D:4      | Noticed a freed slave
  2483 | D:4      | Noticed a freed slave
  2545 | D:4      | Reached XP level 8. HP: 62/70 MP: 3/3
  2688 | D:4      | Killed a freed slave
  2753 | D:4      | Found Thropuv's Book Boutique.
  2954 | D:4      | Noticed a freed slave
  2991 | D:5      | Entered Level 5 of the Dungeon
  3003 | D:5      | Found Vuawag's General Store.
  3021 | D:5      | Noticed Prince Ribbit
  3023 | D:5      | Noticed Edmund
  3039 | D:5      | Killed Edmund
  3065 | D:5      | Reached skill level 8 in Maces & Flails
  3630 | D:5      | Noticed Natasha
  3633 | D:5      | Killed Natasha
  3758 | D:5      | Noticed Natasha
  3763 | D:5      | Killed Natasha
  3821 | D:5      | Bought a scroll of fear for 42 gold pieces
  3821 | D:5      | Bought a scroll of teleportation for 36 gold pieces
  3821 | D:5      | Bought a scroll of magic mapping for 42 gold pieces
  3821 | D:5      | Bought a scroll of identify for 24 gold pieces
  3826 | D:5      | Noticed Natasha
  3828 | D:5      | Killed Natasha
  4248 | D:5      | Killed Prince Ribbit
  4248 | D:5      | Reached skill level 9 in Maces & Flails
  4271 | D:5      | Noticed a hill giant
  4303 | D:5      | Killed a hill giant
  4303 | D:5      | Reached XP level 9. HP: 33/79 MP: 4/4
  4427 | D:5      | Found a burning altar of Makhleb.
  4468 | D:5      | Noticed Grinder
  4473 | D:5      | Paralysed by Grinder for 5 turns
  4481 | D:5      | Killed Grinder
  4481 | D:5      | Reached skill level 10 in Maces & Flails
  4782 | D:6      | Found a staircase to the Ecumenical Temple.
  4791 | Temple   | Entered the Ecumenical Temple
  4903 | Temple   | Became a worshipper of Warmaster Okawaru
  5632 | D:7      | Reached skill level 1 in Evocations
  5876 | D:7      | Found a sand-covered staircase.
  6089 | D:7      | Noticed sverre's ghost (experienced MiFi)
  6112 | D:7      | Killed sverre's ghost
  6112 | D:7      | Acquired Okawaru's first power
  6468 | D:7      | Gained mutation: You are frail (-10% HP). [potion of mutation]
  6468 | D:7      | Gained mutation: Armour fits poorly on your strangely shaped body. [potion of mutation]
  6468 | D:7      | Gained mutation: You tend to lose your temper in combat. [potion of mutation]
  6469 | D:7      | Lost mutation: You are frail (-10% HP). [potion of cure mutation]
  6469 | D:7      | Lost mutation: You tend to lose your temper in combat. [potion of cure mutation]
  6469 | D:7      | Lost mutation: Armour fits poorly on your strangely shaped body. [potion of cure mutation]
  6535 | D:8      | Reached skill level 11 in Maces & Flails
  6780 | D:8      | Reached XP level 10. HP: 59/90 MP: 8/8
  6951 | D:8      | Got a brightly glowing glass ring
  6970 | D:8      | Identified the ring of Starshine {rElec rF+ Str+7 Int+2 Dex-4 SInv} (You found it on level 8 of the Dungeon)
  7013 | D:8      | Noticed Duvessa
  7014 | D:8      | Noticed Dowan
  7019 | D:8      | Killed Duvessa
  7024 | D:8      | Killed Dowan
  7290 | D:8      | Noticed Gastronok
  7303 | D:8      | Killed Gastronok
  7303 | D:8      | Reached skill level 1 in Invocations
  7611 | D:8      | Reached skill level 12 in Maces & Flails
  7911 | D:9      | Found a staircase to the Lair.
  8193 | D:9      | Noticed Erolcha
  8200 | D:9      | Killed Erolcha
  8336 | D:9      | Reached XP level 11. HP: 53/97 MP: 9/9
  8694 | D:10     | Entered Level 10 of the Dungeon
  8697 | D:10     | Noticed Urug
  8708 | D:9      | Acquired Okawaru's second power
  8717 | D:9      | Slain by Urug

Action                   |  1- 3 |  4- 6 |  7- 9 | 10-12 || total
-------------------------+-------+-------+-------+-------++-------
Melee: Flail             |    59 |   173 |   316 |   198 ||   746
  Use: Potion            |       |     2 |    10 |       ||    12
       Scroll            |       |       |     8 |       ||     8
  Eat: Royal jelly       |       |     1 |     1 |       ||     2
       Meat ration       |       |     1 |     1 |     1 ||     3
       Chunk             |       |     1 |       |     1 ||     2
       Pizza             |       |       |     1 |       ||     1
       Fruit             |       |       |     7 |       ||     7
